 Dungeon Crawl Stone Soup version 0.26.1-11-gd32895ea62 (webtiles) character file.

Game seed: 4096408605357786850

1307 ABBCCCDDDD the Conjurer (level 8, 0/54 HPs)
             Began as an Octopode Conjurer on July 8, 2021.
             Was a Follower of Yredelemnul.
             Slain by an ice beast (14 damage)
             ... on level 5 of the Dungeon.
             The game lasted 00:15:25 (7930 turns).

ABBCCCDDDD the Conjurer (Octopode Conjurer)         Turns: 7930, Time: 00:15:25

Health: 0/54       AC:  1    Str:  6    XL:     8   Next: 57%
Magic:  4/13       EV: 15    Int: 22    God:    Yredelemnul [*.....]
Gold:   241        SH:  0    Dex: 11    Spells: 11/14 levels left

rFire    + . .     SeeInvis +   f - +0 dagger (protect)
rCold    . . .     Faith    .   (no shield)
rNeg     . . .     Spirit   .   (helmet restricted)
rPois    +         Reflect  .   (no amulet)
rElec    .         Harm     .   j - ring of poison resistance
rCorr    .         Rampage  .   r - ring of see invisible
Will     .....                  B - ring of protection from fire
Stlth    ++++......             (no ring)
HPRegen  0.18/turn              (no ring)
MPRegen  0.13/turn              (no ring)
                                (no ring)
                                (no ring)

@: no status effects
A: almost no armour, stealthy swim, amphibious, 8 rings, constrict 8, camouflage
1, gelatinous body 1
a: Renounce Religion, Animate Remains


You were on level 5 of the Dungeon.
You worshipped Yredelemnul.
Yredelemnul was aware of your devotion.
You visited 2 branches of the dungeon, and saw 6 of its levels.

You collected 373 gold pieces.
You spent 132 gold pieces at shops.

Inventory:

Hand Weapons
 f - a +0 dagger of protection (weapon)
 i - a +1 whip of electrocution
 y - a +2 spear of flaming
Missiles
 x - 8 curare-tipped darts
Jewellery
 j - a ring of poison resistance (left tentacle)
 r - a ring of see invisible (right tentacle)
 B - a ring of protection from fire (on tentacle)
Wands
 w - a wand of acid (10)
 A - a wand of flame (21)
Scrolls
 a - 5 scrolls of identify {unknown}
 c - 2 scrolls of blinking {unknown}
 d - 2 scrolls of teleportation {unknown}
 e - 3 scrolls of magic mapping
 m - a scroll of noise {unknown}
 o - 2 scrolls of fear {unknown}
 s - 2 scrolls of remove curse {unknown}
 u - 2 scrolls of enchant armour {unknown}
Potions
 b - 4 potions of lignification
 g - a potion of ambrosia {unknown}
 h - a potion of berserk rage {unknown}
 k - 3 potions of invisibility {unknown}
 l - 4 potions of curing
 n - a potion of might {unknown}
 p - a potion of haste {unknown}
 q - 4 potions of degeneration {unknown}
 t - a potion of flight {unknown}
 v - 2 potions of heal wounds
 z - a potion of brilliance {unknown}


   Skills:
 + Level 4.2 Fighting
 + Level 4.8 Dodging
 - Level 6.0 Stealth
 + Level 3.7 Spellcasting
 + Level 7.1 Conjurations


You had 11 spell levels left.
You knew the following spells:

 Your Spells              Type           Power        Failure   Level
a - Magic Dart            Conj           100%         1%          1
b - Searing Ray           Conj           70%          1%          2

Your spell library contained the following spells:

 Spells                   Type           Power        Failure   Level
 Dazzling Flash           Conj/Hex       38%          8%          3
 Fulminant Prism          Conj/Hex       9%           26%         4
 Iskenderun's Mystic Bla  Conj/Tloc      19%          26%         4


Dungeon Overview and Level Annotations

Branches:
Dungeon (5/15)             Temple (1/1) D:4

Altars:
Cheibriados
Dithmenos
Elyvilon
Fedhas
Gozag
Hepliaklqana
Kikubaaqudgha
Makhleb
Nemelex Xobeh
Okawaru
Qazlal
Ru
Sif Muna
Trog
Uskayaw
Vehumet
Wu Jian
Yredelemnul
Zin
The Shining One

Shops:
D:5 !


Innate Abilities, Weirdness & Mutations

You cannot wear most types of armour.
You are very stealthy in the water. (Stealth+)
You are amphibious.
You can wear up to eight rings at the same time.
You can use your tentacles to constrict eight enemies at once.
Your skin changes colour to match your surroundings (Stealth+).
Your rubbery body absorbs attacks. (AC +1, EV +1)


Message History

Yredelemnul accepts your kill. The ice beast hits you.
The ice beast freezes you!
The searing ray hits the ice beast.
The ice beast is lightly wounded.
You finish channeling your searing ray.
The ice beast hits you. The ice beast freezes you.
Casting: Searing Ray (safe; 1% risk of failure)
Confirm with . or Enter, or press ? or * to list all spells.
Aiming: Searing Ray (safe; 1% risk of failure)
Press: ? - help, Shift-Dir - straight line, f/p - ice beast
Aim: an ice beast (lightly wounded, 19% to evade)
The searing ray hits the ice beast!
The ice beast is moderately wounded. (Press . to maintain the ray.)
The ice beast hits you. The ice beast freezes you!
The searing ray misses the ice beast.
The ice beast hits you.
* * * LOW HITPOINT WARNING * * *
The ice beast freezes you!
You die...
Your body rises from the dead as a mindless zombie.

#####.........................
.......#......................
.......#............(.........
.......#......................
.......####..........Z....#+##
....................Y.....#
.....##......##+###.......#
.....##.......#.####....###.
................@Y..........
.....##.........###.[.......
####'##.........# #.........
##...........#..###.........
##..........................
##..........................
...............>............
#####.(.....#...............
#.....###..............


You could see an ice beast.

Vanquished Creatures
  Grinder (D:5)
  Duvessa (D:4)
  An ice beast (D:2)
  An ogre (D:4)
  2 phantoms (D:4)
  A bullfrog (D:4)
  Dowan (D:4)
  A howler monkey (D:5)
  A bullfrog zombie (D:3)
  3 orc priests
  2 orc wizards (D:4)
  An iguana (D:4)
  A hound skeleton (D:4)
  A worker ant zombie (D:5)
  4 adders
  A howler monkey skeleton (D:4)
  8 gnolls
  A shadow imp (D:5)
  A white imp (D:5)
  An ufetubus (D:5)
  2 oozes
  An adder skeleton (D:4)
  A worm (D:2)
  4 dart slugs
  4 leopard geckos
  21 orcs
  8 bats
  A giant cockroach (D:3)
  7 hobgoblins
  13 jackals
  2 kobolds (D:1)
  2 quokkas (D:4)
  6 frilled lizards
  10 goblins
  A quokka zombie (D:5)
  5 rats
122 creatures vanquished.

Notes
Turn   | Place    | Note
-------+----------+-------------------------------------------
     0 | D:1      | ABBCCCDDDD the Octopode Conjurer began the quest for the
                  | Orb.
     0 | D:1      | Reached XP level 1. HP: 11/11 MP: 3/3
    51 | D:1      | You fall into a shaft and drop 1 floor!
   240 | D:1      | Reached XP level 2. HP: 17/17 MP: 3/5
   845 | D:1      | Reached XP level 3. HP: 21/21 MP: 6/6
  1160 | D:1      | Learned a level 2 spell: Searing Ray
  1853 | D:2      | Reached XP level 4. HP: 20/27 MP: 0/8
  2128 | D:2      | Found a glowing golden altar of the Shining One.
  2989 | D:3      | Noticed an ice beast
  3315 | D:2      | Killed an ice beast
  3316 | D:2      | Reached skill level 5 in Stealth
  3316 | D:2      | Reached skill level 5 in Conjurations
  3316 | D:2      | Reached XP level 5. HP: 31/31 MP: 0/9
  3422 | D:3      | Reached XP level 6. HP: 36/36 MP: 10/10
  4686 | D:4      | Reached skill level 1 in Fighting
  4705 | D:4      | Found a staircase to the Ecumenical Temple.
  4710 | D:4      | Noticed Duvessa
  4728 | D:4      | Noticed Dowan
  4730 | D:4      | Killed Duvessa
  4731 | D:4      | Reached skill level 6 in Conjurations
  4731 | D:4      | Reached XP level 7. HP: 35/45 MP: 5/11
  4816 | D:4      | Killed Dowan
  4933 | Temple   | Entered the Ecumenical Temple
  5327 | Temple   | Became a worshipper of Yredelemnul the Dark
  5927 | D:4      | Noticed a +0 hand axe
  5927 | D:4      | Noticed a +0 dagger
  5928 | D:4      | Found a hide-covered altar of Uskayaw.
  6247 | D:4      | Reached XP level 8. HP: 52/52 MP: 3/12
  6923 | D:4      | Reached * piety under Yredelemnul
  7126 | D:5      | Entered Level 5 of the Dungeon
  7249 | D:5      | Found Zofon's Distillery.
  7481 | D:5      | Bought a potion of lignification for 36 gold pieces
  7481 | D:5      | Bought a potion of heal wounds for 60 gold pieces
  7481 | D:5      | Bought a potion of curing for 36 gold pieces
  7510 | D:5      | Reached skill level 7 in Conjurations
  7525 | D:5      | Noticed Grinder
  7625 | D:5      | Paralysed by Grinder for 2 turns
  7631 | D:5      | Killed Grinder
  7930 | D:5      | Slain by an ice beast

Illustrated notes

Levels and vault maps discovered:
D:1:      scummos_arrival_simple_fountains, layout_basic, minmay_cut_off
D:2:      layout_basic, lemuel_crystal_altar
D:3:      layout_basic
D:4:      layout_basic, dancing_weapons_uskayaw,
          minmay_temple_entry_stoned_glass, chequers_serial_rivers_room_b,
          uniq_duvessa
D:5:      layout_basic, serial_shops, shop, nicolae_ru_path_of_blood,
          uniq_grinder
Temple:   dpeg_five_rooms_temple

Skill      XL: |  1  2  3  4  5  6  7  8 |
---------------+-------------------------+-----
Stealth        | 3 4 5 6 |  6.0
Spellcasting   | 3 |  3.7
Conjurations   | 5 6 7 |  7.1
Fighting       | 2 3 4 |  4.2
Dodging        | 3 4 |  4.8

Action                   |  1- 3 |  4- 6 |  7- 9 || total
-------------------------+-------+-------+-------++-------
Melee: Unarmed           |    25 |       |       ||    25
       Constrict         |    10 |     8 |       ||    18
       Tentacles         |     6 |     6 |       ||    12
       Dagger            |     8 |    32 |       ||    40
 Cast: Magic Dart        |    60 |    72 |    49 ||   181
       Searing Ray       |       |     6 |    35 ||    41
Evoke: Wand              |       |     2 |       ||     2
  Use: Scroll            |       |     1 |       ||     1
 Stab: Sleeping          |       |     8 |       ||     8
Armor: Skin              |     4 |    12 |     1 ||    17
Dodge: Dodged            |    17 |    32 |    13 ||    62
